 Dungeon Crawl Stone Soup version 0.30-a0-782-ge64f9170bb (webtiles) character file.

Game seed: 9477759692814860722

1742485 Zappman123 the Executioner (level 27, 261/261 HPs)
             Began as a Hill Orc Gladiator on Feb 19, 2023.
             Was the Champion of Qazlal.
             Escaped with the Orb
             ... and 3 runes!
             The game lasted 02:02:09 (62011 turns).

Zappman123 the Executioner (Hill Orc Gladiator)    Turns: 62011, Time: 02:02:10

Health: 261/261    AC: 34    Str: 38    XL:     27
Magic:  37/37      EV: 27    Int:  1    God:    Qazlal [******]
Gold:   3900       SH:  8    Dex: 20    Spells: 26/26 levels left

rFire   + + .      SeeInvis +    b - +9 executioner's axe (heavy)
rCold   + + +      Faith    .    (shield currently unavailable)
rNeg    . . .      Spirit   .    d - +3 plate armour of the Big Bang {rC+ Will+ rCorr SInv}
rPois   +          Reflect  .    g - +0 helmet "Biaxim" {rPois rC+ Str+2}
rElec   .          Harm     .    W - +2 cloak {Will+}
rCorr   +          Rampage  .    B - +2 pair of gloves
Will    ++++.                    j - +1 pair of boots "Ukan" {rC+ Regen+ Str+7} Stlth
                                 y - dreamshard necklace {*Dream Drain}
HPRegen 1.43/turn                p - +5 ring of evasion
MPRegen 0.25/turn                U - ring "Hehepiam" {rF++ Int-5 Dex+6}

@: repel missiles
A: dopey 1
0: Orb of Zot
}: 3/15 runes: decaying, silver, gossamer
a: Renounce Religion, Upheaval, Elemental Force, Disaster Area


You escaped.
You worshipped Qazlal.
Qazlal was exalted by your worship.
You visited 11 branches of the dungeon, and saw 51 of its levels.
You visited 1 bazaar.
You also visited: Trove, Ossuary, Gauntlet and Volcano.

You collected 7922 gold pieces.
You spent 4022 gold pieces at shops.

Inventory:

Hand Weapons
 a - the +27 heavy crossbow "Sniper" {heavy, Acc+∞ SInv}
   (You found it on level 3 of the Dungeon)

   Acc+∞: It never misses its target.
   SInv:      It lets you see invisible.
 b - a +9 heavy executioner's axe (weapon)
Missiles
 N - 7 curare-tipped darts (quivered)
Armour
 d - the +3 plate armour of the Big Bang (worn) {rC+ Will+ rCorr SInv}
   (You found it on level 3 of the Elven Halls)

   rC:        It protects you from cold.
   SInv:      It lets you see invisible.
   rCorr:     It protects you from acid and corrosion.
   Will:      It increases your willpower.
 g - the +0 helmet "Biaxim" (worn) {rPois rC+ Str+2}
   (You took it off Robin on level 4 of the Dungeon)

   Str:       It affects your strength (+2).
   rC:        It protects you from cold.
   rPois:     It protects you from poison.
 j - the +1 pair of boots "Ukan" (worn) {rC+ Regen+ Str+7}
   (You acquired it on level 5 of the Vaults)

   Str:       It affects your strength (+7).
   rC:        It protects you from cold.
   Regen:     It increases your rate of health regeneration.
 l - the -2 pair of boots "Xoedeph" {Int+3 Slay+4}
   (You bought it in a shop on level 1 of the Orcish Mines)

   Int:       It affects your intelligence (+3).
   Slay:      It affects your accuracy & damage with ranged weapons and melee
   (+4).
 B - a +2 pair of gloves (worn)
 W - a +2 cloak of willpower (worn)
Jewellery
 c - the ring "Toaj Ceqa" {Str+2 Dex+4 Slay+3 SInv}
   (You found it on level 3 of the Elven Halls)

   [ring of see invisible]

   Str:       It affects your strength (+2).
   Dex:       It affects your dexterity (+4).
   Slay:      It affects your accuracy & damage with ranged weapons and melee
   (+3).
   SInv:      It lets you see invisible.
 f - the amulet of the Four Winds {rN+ Will+++ Clar}
   (You took it off a frost giant on level 3 of the Depths)

   [amulet of nothing]

   rN:        It protects you from negative energy.
   Clar:      It protects you against confusion.
   Will:      It greatly increases your willpower.
 i - an amulet of faith
 k - an amulet of regeneration
 p - a +5 ring of evasion (left hand)
 w - a ring of flight
 y - the dreamshard necklace (around neck) {*Dream Drain}
   (You took it off a minotaur in a Gauntlet)

   [amulet of nothing]

   *Dream:    It shatters if its wearer takes lethal or near-lethal damage,
   preventing the blow and releasing protective dreams that heal and fight for
   the wearer.
   Drain:     It drains your maximum health when unequipped.
 U - the ring "Hehepiam" (right hand) {rF++ Int-5 Dex+6}
   (You found it on level 2 of the Elven Halls)

   [ring of dexterity]

   Int:       It affects your intelligence (-5).
   Dex:       It affects your dexterity (+6).
   rF:        It greatly protects you from fire.
Wands
 A - a wand of acid (37)
 E - a wand of paralysis (56)
 P - a wand of polymorph (20)
 Q - a wand of digging (23)
Scrolls
 e - 12 scrolls of enchant armour
 h - 4 scrolls of immolation
 o - 13 scrolls of poison
 r - 17 scrolls of teleportation
 x - 2 scrolls of silence
 D - 9 scrolls of fog
 H - 5 scrolls of vulnerability
 M - 2 scrolls of torment
 S - 7 scrolls of fear
 T - 4 scrolls of blinking
Potions
 s - 10 potions of cancellation
 t - 14 potions of curing
 C - 3 potions of might
 F - 9 potions of mutation
 G - 8 potions of haste
 I - 20 potions of heal wounds
 J - 4 potions of berserk rage
 O - 5 potions of invisibility
 V - 2 potions of resistance
 X - 3 potions of flight
 Y - 10 potions of magic


   Skills:
 - Level 24.0 Fighting
 - Level 24.0 Axes
 - Level 22.0 Ranged Weapons
 - Level 2.0 Throwing
 - Level 20.0 Armour
 + Level 19.9 Dodging
 - Level 20.0 Invocations


You had 26 spell levels left.
You didn't know any spells.
Your spell library contained the following spells:

 Spells                   Type           Power      Damage    Failure   Level
 Blink                    Tloc           0%         N/A       97%         2
 Lesser Beckoning         Tloc           0%         N/A       97%         2
 Momentum Strike          Conj/Tloc      0%         3d8       97%         2


Dungeon Overview and Level Annotations

Branches:
Dungeon (15/15)            Temple (1/1) D:6            Lair (5/5) D:11
  Swamp (4/4) Lair:2       Spider (4/4) Lair:2        Slime (0/5) Lair:5
    Orc (2/2) D:9             Elf (3/3) Orc:2        Vaults (5/5) D:13
  Crypt (3/3) Vaults:2       Tomb (0/3) Crypt:3      Depths (4/4) D:15
    Zot (5/5) Depths:4    Ossuary (visited)         Volcano (visited)
Gauntlet (visited)

Altars:
Ashenzari
Cheibriados
Dithmenos
Elyvilon
Fedhas
Gozag
Hepliaklqana
Kikubaaqudgha
Makhleb
Nemelex Xobeh
Okawaru
Qazlal
Ru
Sif Muna
Trog
Uskayaw
Vehumet
Wu Jian
Xom
Yredelemnul
Zin
The Shining One
Beogh

Shops:
D:3 *   D:9 :   D:13 [=([   D:15 =   Orc:1 ?[(?*   Orc:2 (*([   Elf:1 ::==
Elf:2 [   Vaults:4 *   Depths:1 ?*:

Portals:
Hell: Depths:1 Depths:2 Depths:3 Depths:4
Abyss: Depths:2 Depths:3
Pandemonium: Depths:2
Ziggurat: Depths:4

Annotations:
D:5 1 runed translucent door, exclusions: downstairs and 4 more exclusions, Crazy Yiuf
D:7 3 runed translucent doors, gengaozo's ghost, novice DECj
D:9 exclusion: downstairs
D:12 exclusion: downstairs
Lair:1 3 runed translucent doors, Uhykki's ghost, journeyman DjFE
Elf:2 3 runed translucent doors
Vaults:3 3 runed translucent doors/haste, Uquewn Suowu's ghost, veteran GnWr
Crypt:2 2 transporters, Xajier's ghost, adept GrFi
Depths:2 2 transporters, 3 runed translucent doors, Fuil Foj's ghost, veteran SpHu


Innate Abilities, Weirdness & Mutations

You are dopey. (Int -2)


Message History

You miss the sun demon.
You slice the large abomination like a ripe choko!!!
You destroy the large abomination!
Qazlal accepts your kill. You block the sun demon's attack. x2
You cut the sun demon into ribbons!!!!
You kill the sun demon!
Qazlal accepts your kill.
You cut the large abomination into ribbons!!!
You destroy the large abomination!
Qazlal accepts your kill.
Your life force feels restored.
You hit the balrug.
The balrug is lightly wounded.
The balrug gestures at you. Something smites you!
You take 8 damage, and have 208/261 hp.
You slice the balrug!!
The balrug is heavily wounded.
The balrug misses you.
You carve the balrug like a ham!!!
You kill the balrug!
Qazlal accepts your kill.
No target in view!
(D) Dungeon (T) Temple (L) Lair (S) Swamp (N) Spider Nest (M) Slime Pits (O) Orcish Mines (E) Elven Halls (V) Vaults (C) Crypt (W) Tomb (U) Depths (H) Hell (Z) Zot
Where to? (Enter - D:1, ? - help)
Your protection from fire is fading.
There is a stone staircase leading up here.
You feel less protected from fire.
You climb upwards.
There is a stone staircase leading down here.
You feel yourself speed up.
HP restored.
Your extra speed is starting to run out.
You feel yourself slow down.
There is a staircase leading out of the dungeon here.
You have escaped!

.................................
....####..##############..####...
....###..#~~~.......~~≈##.# #...
#####...##~~.........≈≈##.## ####
..#...####~...........~##..######
#...#..###.............##........
######.........~~~§...)...####...
# ###......≈...~......#####... #
#....°.~°@.§......##...... #
##.....~○☼.~.....###...... #
#.....○~~~......# #...... #
##.............## ######. ##
#≈...........~#########.
.#########~≈.........≈≈##......^.
.'.......#≈~~.......~≈≈#..#######
.#######.##############..## .#
#.....# #....##


There were no monsters in sight!

Vanquished Creatures
  A dread lich (Zot:5)
  3 ancient liches
  Khufu (Crypt:1)
  Mara (Vaults:4)
  3 orbs of fire (Zot:5)
  A royal mummy (Crypt:1)
  Josephina (Crypt:1)
  5 Killer Klowns
  Parghit (Zot:4)
  4 curse toes
  Nikola (Spider:2)
  the Enchantress (Depths:2)
  8 golden dragons
  2 profane servitors
  Arachne (Spider:3)
  3 electric golems
  Rupert (Lair:5)
  8 tentacled monstrosities
  Jorgrun (D:13)
  Zenata (Crypt:1)
  2 deep elf blademasters (Elf:3)
  3 liches (Crypt:3)
  A titan (Vaults:5)
  27 Orb Guardians
  Asterion (Elf:1)
  4 quicksilver dragons
  2 deep elf master archers (Elf:3)
  An acid blob (shapeshifter) (Depths:4)
  9 ancient champions
  An Executioner (D:2)
  4 sphinxes
  5 death cobs
  A thorn hunter (Swamp:4)
  8 storm dragons
  5 tengu reavers
  7 shadow dragons
  Kirke (Spider:2)
  4 draconian monks
  Donald (Orc:2)
  5 fenstrider witches
  5 draconian knights
  2 fire giants (shapeshifter)
  14 vault wardens
  6 fire giants
  5 emperor scorpions
  A caustic shrike zombie (Depths:2)
  5 deep elf sorcerers
  Aizul (Vaults:2)
  10 ghost moths
  Louise (D:15)
  4 draconian scorchers
  A balrug (D:2)
  8 frost giants
  A curse skull (Crypt:2)
  2 iron dragons
  3 juggernaut zombies
  3 draconian shifters
  An orc warlord (Vaults:3)
  14 ironbound preservers
  A deep elf elementalist (Elf:3)
  5 ghouls
  6 draconian stormcallers
  3 reapers
  4 spriggan defenders
  2 draconian annihilators (Zot:4)
  9 vampire knights
  4 war gargoyles
  22 stone giants
  A juggernaut skeleton (Depths:1)
  42 very ugly things
  4 eleionomae
  9 ironbound thunderhulks
  A broodmother (Spider:2)
  6 deep elf demonologists
  8 purple draconians
  15 yellow draconians
  3 dire elephants (Vaults:4)
  12 spark wasps
  2 green draconians
  11 white draconians
  6 deep elf annihilators (Elf:3)
  A minotaur (Gauntlet)
  12 black draconians
  7 bunyips
  12 red draconians
  12 deep elf death magi
  Snorg (Lair:5)
  A merfolk impaler (Depths:2)
  4 eidola
  7 entropy weavers
  7 jiangshi
  A blizzard demon (Swamp:4)
  A crystal guardian (Vaults:4)
  10 ettins
  15 fire dragons
  3 shambling mangroves (Swamp:4)
  7 deep elf high priests
  2 spriggan zombies
  A quicksilver dragon zombie (Depths:1)
  Harold (Orc:1)
  31 vault guards
  3 great orbs of eyes
  15 yaktaur captains
  2 catoblepae
  3 rakshasas
  10 ironbound frosthearts
  A quicksilver dragon skeleton (Crypt:3)
  A peacekeeper (Vaults:4)
  6 spriggan air magi
  13 hydras
  16 centaur warriors
  5 ice dragons
  A jorogumo (Spider:2)
  2 ghost crabs
  3 ogre magi
  A radroach (Spider:3)
  A death knight (Crypt:2)
  6 boulder beetles
  10 alligators
  A death yak (shapeshifter) (Vaults:5)
  4 deep troll shamans
  8 tengu warriors
  21 dancing weapons
  7 deep troll earth magi
  A satyr (shapeshifter) (Vaults:5)
  3 death yaks (Lair:4)
  3 orc high priests
  5 vampire magi
  4 two-headed ogres
  Urug (D:10)
  4 soul eaters
  16 deep elf knights
  3 sun demons (D:2)
  6 spriggan berserkers
  6 hell knights
  A storm dragon zombie (Depths:1)
  3 sun moths
  18 skeletal warriors
  A fire crab (D:11)
  6 iron trolls
  2 shadow wraiths
  A sixfirhy (D:13)
  6 large abominations
  An anaconda zombie (Crypt:1)
  A flayed ghost (Depths:3)
  7 goliath frogs
  2 golden dragon zombies
  3 pharaoh ants
  A skyshark (Lair:2)
  50 deep trolls
  9 orb spiders
  5 spriggan druids
  2 ghost moth zombies
  2 glowing orange brains
  9 swamp dragons
  9 wizards
  3 golden dragon skeletons
  3 obsidian statues
  A broodmother zombie (Crypt:3)
  3 spriggan simulacra
  4 bog bodies
  2 steelbarb worms
  A bunyip skeleton (Crypt:1)
  11 deep elf archers
  9 ironbound convokers
  10 harpies
  14 phantasmal warriors
  A sphinx zombie (D:15)
  12 necromancers
  A tengu skeleton (Depths:2)
  26 deep elf zephyrmancers
  37 ugly things
  A wolf spider (shapeshifter) (Vaults:5)
  10 lindwurms
  9 orc knights
  28 deep elf pyromancers
  An eleionoma zombie (Crypt:2)
  A shadow dragon skeleton (Crypt:1)
  14 wolf spiders
  A fire giant zombie (Depths:1)
  3 frost giant zombies (Depths:2)
  3 orc sorcerers
  8 cyclopes
  A jorogumo skeleton (Crypt:3)
  2 manticores
  6 will-o-the-wisps
  A moth of wrath (shapeshifter) (Depths:2)
  23 moths of wrath
  9 elephants
  A fire giant skeleton (Depths:2)
  A guardian serpent (Lair:5)
  A toenail golem (D:6)
  2 human skeletons
  A water nymph (shapeshifter) (Vaults:4)
  A smoke demon (D:13)
  An eye of devastation (shapeshifter) (Vaults:5)
  2 stone giant skeletons
  2 titan simulacra
  8 vault sentinels
  An eye of devastation (Depths:4)
  11 black mambas
  6 demonic crawlers
  3 gargoyles
  Maurice (D:12)
  2 unseen horrors
  A hellion (Depths:2)
  4 torpor snails
  A kobold demonologist (D:10)
  An orange demon (D:13)
  10 freezing wraiths
  A komodo dragon (shapeshifter) (Elf:1)
  14 cane toads
  A rime drake (shapeshifter) (Elf:2)
  A redback zombie (Crypt:1)
  A centaur skeleton (Crypt:1)
  A spark wasp simulacrum (Depths:1)
  2 efreet
  8 komodo dragons
  7 rime drakes
  An alligator snapping turtle skeleton (Crypt:1)
  A golden dragon simulacrum (Depths:2)
  24 yaktaurs
  7 tengu conjurers
  An unseen horror skeleton (Crypt:3)
  A red devil (D:13)
  2 harpy zombies
  An ice devil (Gauntlet)
  6 meliai
  4 polar bears
  A bloated husk (Swamp:3)
  3 hellwings
  A yaktaur skeleton (Vaults:3)
  5 trolls
  10 tyrant leeches
  31 tarantellas
  25 hornets
  Grinder (D:4)
  A tengu simulacrum (Depths:1)
  A meliai (shapeshifter) (Vaults:5)
  A tarantella (shapeshifter) (Spider:1)
  5 blink frogs
  A snapping turtle (shapeshifter) (Vaults:5)
  3 small abominations (Gauntlet)
  A stone giant simulacrum (Depths:2)
  3 flying skulls (Crypt:3)
  4 water elementals
  19 jumping spiders
  12 slime creatures
  9 spriggans
  4 vampires
  4 air elementals
  18 culicivoras
  9 wraiths
  3 ettin skeletons
  16 humans (D:13)
  54 yaks
  A ynoxinul (D:13)
  A yak (shapeshifter) (Elf:3)
  2 black mamba skeletons
  50 redbacks
  3 fire bats (Lair:2)
  10 wyverns
  21 fire elementals
  An elf zombie (Vaults:3)
  A basilisk (shapeshifter) (D:14)
  5 steam dragons
  3 hogs (Spider:2)
  4 basilisks
  12 vampire mosquitoes
  3 chaos spawn
  A neqoxec (Swamp:4)
  Edmund (D:5)
  A merfolk zombie (Crypt:3)
  5 wargs
  17 swamp worms
  4 acid dragons
  A glowing shapeshifter zombie (Depths:2)
  2 human zombies (Depths:1)
  7 hell hounds (Volcano)
  27 water moccasins
  2 floating eyes
  2 hornet zombies (Crypt:1)
  A glowing shapeshifter skeleton (D:15)
  An ice beast (D:6)
  45 orc warriors
  2 black bears
  4 boggarts (Vaults:4)
  3 swamp drakes
  A fire dragon simulacrum (Crypt:1)
  6 wolves (Lair:2)
  6 ogres
  21 centaurs
  An elephant skeleton (Crypt:1)
  A dream sheep skeleton (Crypt:3)
  A phantom (D:4)
  2 kobold brigands
  16 bullfrogs
  A salamander zombie (Crypt:1)
  5 scorpions
  4 necrophages
  A naga simulacrum (Crypt:1)
  An elf skeleton (Crypt:3)
  An earth elemental (Elf:3)
  15 wights
  27 killer bees
  A polar bear zombie (Crypt:2)
  A raiju skeleton (Crypt:1)
  4 howler monkeys
  3 electric eels
  4 lava snakes (D:11)
  A bullfrog zombie (Crypt:2)
  6 hounds
  20 orc priests
  A bullfrog skeleton (Crypt:1)
  5 jellies
  7 iguanas
  12 orc wizards
  6 mummies
  Robin (D:4)
  12 gnolls
  8 adders
  4 white imps (Gauntlet)
  A lava snake zombie (Crypt:2)
  2 worms
  6 dart slugs
  66 orcs
  A bat skeleton (Crypt:3)
  9 endoplasms
  A giant cockroach (D:4)
  A gnoll zombie (Ossuary)
  11 goblins
  8 hobgoblins
  8 jackals
  14 kobolds
  3 quokkas
  2 ball pythons (D:4)
  3 bats
  5 frilled lizards
  5 kobold zombies (Ossuary)
  An orc zombie (Ossuary)
  3 rats
  A rat skeleton (Crypt:3)
  A fire vortex (D:11)
2120 creatures vanquished.

Vanquished Creatures (others)
  A storm dragon (Vaults:5)
  An eleionoma (Swamp:4)
  A red draconian (Zot:4)
  A wizard (Vaults:3)
  3 deep elf pyromancers
  A moth of wrath (Zot:4)
  2 bloated husks
  A water elemental (Elf:3)
  A floating eye (Elf:3)
  A kobold brigand (D:9)
  4 orcs (Orc:2)
  25 demonic plants
  18 foxfires (Swamp:4)
  43 fungi
  68 plants
  A withered plant (D:15)
172 creatures vanquished.

Grand Total: 2292 creatures vanquished

Notes
Turn   | Place    | Note
-------+----------+-------------------------------------------
     0 | D:1      | Zappman123 the Hill Orc Gladiator began the quest for the
                  | Orb.
     0 | D:1      | Reached XP level 1. HP: 18/18 MP: 1/1
   197 | D:1      | Reached XP level 2. HP: 23/25 MP: 2/2
   454 | D:1      | You fall into a shaft and drop 1 floor!
   546 | D:2      | Found a faded altar of an unknown god.
   569 | D:2      | Reached skill level 5 in Axes
   569 | D:2      | Reached XP level 3. HP: 28/30 MP: 3/3
  1075 | D:2      | Reached XP level 4. HP: 32/37 MP: 4/4
  1539 | D:3      | Reached skill level 1 in Armour
  1765 | D:3      | Found the +27 heavy crossbow "Sniper" {heavy, Acc+∞ SInv}
  1967 | D:3      | Reached XP level 5. HP: 45/45 MP: 5/5
  2069 | D:3      | Found Esky's Assorted Antiques.
  2330 | D:4      | Noticed an ogre
  2332 | D:4      | Killed an ogre
  2348 | D:4      | Reached XP level 6. HP: 52/52 MP: 6/6
  2365 | D:4      | Noticed Grinder
  2366 | D:4      | Killed Grinder
  2392 | D:4      | Identified the +0 helmet "Biaxim" {rPois rC+ Str+2}
  2392 | D:4      | Noticed Robin
  2395 | D:4      | Reached XP level 7. HP: 54/60 MP: 7/7
  2397 | D:4      | Killed Robin
  2398 | D:4      | Reached skill level 5 in Fighting
  3802 | D:5      | Entered Level 5 of the Dungeon
  4010 | D:5      | Found a sand-covered staircase.
  4010 | D:5      | Noticed Edmund
  4024 | D:5      | Reached skill level 5 in Armour
  4029 | D:5      | Killed Edmund
  4030 | D:5      | Reached XP level 8. HP: 64/70 MP: 8/8
  4054 | Ossuary  | Entered an ossuary
  4054 | Ossuary  | Noticed a wraith
  4054 | Ossuary  | Noticed a wraith
  4054 | Ossuary  | Noticed a wraith
  4462 | Ossuary  | Noticed a wraith
  4464 | Ossuary  | Killed a wraith
  5268 | D:5      | Reached XP level 9. HP: 84/85 MP: 9/9
  5286 | D:5      | Reached skill level 10 in Fighting
  5286 | D:5      | Reached skill level 1 in Ranged Weapons
  5462 | D:5      | Found a runed translucent door.
  5463 | D:5      | Noticed Crazy Yiuf
  5983 | D:6      | Found a burning altar of Makhleb.
  6301 | D:6      | Found a glowing golden altar of the Shining One.
  6383 | D:6      | Reached skill level 5 in Ranged Weapons
  6700 | D:6      | Found a staircase to the Ecumenical Temple.
  6710 | Temple   | Entered the Ecumenical Temple
  6925 | Temple   | Became a worshipper of Qazlal Stormbringer
  7117 | D:7      | Found a runed translucent gate.
  7117 | D:7      | Found a runed translucent gate.
  7117 | D:7      | Found a runed translucent gate.
  7118 | D:7      | Noticed gengaozo's ghost (novice DECj)
  7232 | D:7      | Found a radiant altar of Vehumet.
  7239 | D:7      | Found an ancient bone altar of Kikubaaqudgha.
  7849 | D:7      | Reached XP level 10. HP: 68/93 MP: 10/10
  8315 | D:7      | Reached * piety under Qazlal
  8817 | D:8      | Identified the +2 war axe "Embalmer" {vamp, Int+3}
  9241 | D:8      | Reached ** piety under Qazlal
  9361 | D:9      | Reached skill level 10 in Ranged Weapons
  9514 | D:9      | Found Qoxt's Self-Improvement Boutique.
  9558 | D:9      | Reached skill level 10 in Axes
  9562 | D:9      | Reached XP level 11. HP: 98/99 MP: 11/11
  9600 | D:9      | Reached *** piety under Qazlal
  9628 | D:9      | Found a staircase to the Orcish Mines.
  9840 | D:10     | Entered Level 10 of the Dungeon
  9987 | D:10     | Noticed a two-headed ogre
 10001 | D:9      | HP: 5/148 [tengu conjurer/bolt of lightning (17)]
 10302 | D:10     | Killed a two-headed ogre
 10496 | D:10     | Noticed Urug
 10497 | D:10     | Killed Urug
 10948 | D:11     | Reached skill level 15 in Axes
 11151 | D:11     | Noticed a skeletal warrior
 11151 | D:11     | Noticed a skeletal warrior
 11152 | D:11     | Noticed a skeletal warrior
 11182 | D:11     | Killed a skeletal warrior
 11182 | D:11     | Reached **** piety under Qazlal
 11183 | D:11     | Killed a skeletal warrior
 11184 | D:11     | Reached XP level 12. HP: 105/108 MP: 12/12
 11410 | D:11     | Identified the +1 mace of Ashenzari's Reproof {heavy, Int+2
                  | Dex+3 Stlth+}
 11611 | D:11     | Found a staircase to the Lair.
 12007 | D:11     | Identified a scroll of acquirement
 12007 | D:11     | Acquired a manual of Ranged Weapons
 12083 | D:12     | Found a portal to a secret trove of treasure.
 12085 | D:12     | Identified the +11 short sword of Victory {venom, rN++
                  | Int+3}
 12093 | Trove    | Entered a treasure trove
 12109 | Trove    | Identified the +2 pair of boots "Doeb" {Rampage}
 12126 | Trove    | Identified the +0 hat of Makhleb's Pride {Str+2 Slay+3
                  | SInv}
 12133 | Trove    | Identified the +5 crystal plate armour "Kimod" {rN++}
 12146 | Trove    | Identified the +0 plate armour "Usesix" {Harm rN+ Str+3}
 12442 | D:12     | Noticed a two-headed ogre
 12443 | D:12     | Killed a two-headed ogre
 12776 | D:12     | Noticed Maurice
 12778 | D:12     | Killed Maurice
 13130 | Lair:1   | Entered Level 1 of the Lair of Beasts
 13445 | Lair:1   | Noticed a catoblepas
 13449 | Lair:1   | Killed a catoblepas
 13450 | Lair:1   | Reached XP level 13. HP: 93/122 MP: 13/13
 13668 | Lair:1   | Noticed a minotaur
 13670 | Lair:1   | Noticed Uhykki's ghost (journeyman DjFE)
 13718 | Lair:1   | Found a runed translucent gate.
 13718 | Lair:1   | Found a runed translucent gate.
 13912 | Lair:1   | Found a runed translucent gate.
 14395 | Lair:2   | Reached skill level 10 in Armour
 14855 | Lair:2   | Found a staircase to the Swamp.
 14882 | Lair:2   | Found a hole to the Spider Nest.
 15451 | Lair:3   | Found a white marble altar of Elyvilon.
 16166 | Lair:4   | You fall into a shaft and drop 1 floor!
 16166 | Lair:5   | Entered Level 5 of the Lair of Beasts
 16190 | Lair:4   | Found a gate leading to a gauntlet.
 16200 | Gauntlet | Entered a Gauntlet
 16200 | Gauntlet | Found a transporter.
 16200 | Gauntlet | Found a transporter.
 16201 | Gauntlet | Found a transporter.
 16204 | Gauntlet | Found a transporter.
 16204 | Gauntlet | Found a transporter.
 16204 | Gauntlet | Found a transporter.
 16218 | Gauntlet | Found a transporter.
 16218 | Gauntlet | Found a transporter.
 16230 | Gauntlet | Found a transporter.
 16330 | Gauntlet | Found a transporter.
 16334 | Gauntlet | Found a transporter.
 16541 | Gauntlet | Found a transporter.
 16555 | Gauntlet | Identified the ring "Gaqomemo" {AC+4 Int+7}
 16574 | Gauntlet | Identified the +0 plate armour "Rurioz" {Int+2 Dex+5}
 16574 | Gauntlet | Noticed a minotaur
 16579 | Gauntlet | Killed a minotaur
 16927 | Lair:4   | Reached XP level 14. HP: 129/129 MP: 14/14
 18247 | Lair:5   | Found the +4 skin of Zhor {*Englaciate rC+++ SInv}
 18315 | Lair:5   | Identified the ring "Dotatenn" {Fire Dex+4}
 18356 | Lair:5   | Reached skill level 15 in Ranged Weapons
 18610 | Lair:5   | Found a staircase to the Slime Pits.
 18863 | Lair:5   | Noticed Snorg
 18866 | Lair:5   | Killed Snorg
 18913 | Lair:5   | Reached XP level 15. HP: 139/139 MP: 15/15
 18933 | Lair:5   | Reached ***** piety under Qazlal
 19190 | Lair:5   | Noticed Rupert
 19196 | Lair:5   | Killed Rupert
 19285 | Lair:5   | Reached skill level 15 in Fighting
 19700 | Orc:1    | Entered Level 1 of the Orcish Mines
 19724 | Orc:1    | Found Toisyamm's Antique Weapon Shop.
 19738 | Orc:1    | Found Tugu's Magic Scroll Emporium.
 19743 | Orc:1    | Noticed Harold
 19744 | Orc:1    | Killed Harold
 19799 | Orc:1    | Found a dark tunnel.
 19809 | Volcano  | Entered a volcano
 20079 | Orc:1    | Bought a scroll of blinking for 127 gold pieces
 20079 | Orc:1    | Bought a scroll of fear for 68 gold pieces
 20120 | Orc:1    | Found Ehaosoij's Antique Armour Boutique.
 20140 | Orc:1    | Bought a pair of transparent boots for 180 gold pieces
 20140 | Orc:1    | Identified the -2 pair of boots "Xoedeph" {Int+3 Slay+4}
                  | (You bought it in a shop on level 1 of the Orcish Mines)
 20150 | Orc:1    | Found a bloodstained altar of Trog.
 20260 | Orc:2    | Entered Level 2 of the Orcish Mines
 20261 | Orc:2    | Noticed Donald
 20264 | Orc:2    | Killed Donald
 20622 | Orc:2    | Found a staircase to the Elven Halls.
 20634 | Orc:1    | Found Xuzets's Magic Scroll Emporium.
 20812 | Orc:1    | Found Uwenug's Mayhem Merchandise.
 20889 | Orc:1    | Bought a scroll of brand weapon for 133 gold pieces
 20971 | Orc:1    | Reached ****** piety under Qazlal
 21109 | Orc:2    | Found a roughly hewn altar of Beogh.
 21268 | Orc:2    | Found Bykol's Antique Weapon Emporium.
 21268 | Orc:2    | Found Fioppoxen's General Store.
 21270 | Orc:2    | Found Dabrie's Antique Weapon Shop.
 21272 | Orc:2    | Found Huloukk's Antique Armour Shoppe.
 21277 | Orc:2    | Bought a scroll of immolation for 40 gold pieces
 21277 | Orc:2    | Bought a scroll of blinking for 75 gold pieces
 21284 | Orc:2    | Bought a fine crystal plate armour for 1870 gold pieces
 21284 | Orc:2    | Identified the +0 crystal plate armour of Death's Door
                  | {+Blink SInv} (You bought it in a shop on level 2 of the
                  | Orcish Mines)
 21590 | D:13     | Found a gate to the Vaults.
 21692 | D:13     | Found a flickering gateway to a bazaar.
 21701 | Bazaar   | Entered a bazaar
 21703 | Bazaar   | Found Hakhlyduo's Jewellery Boutique.
 21707 | Bazaar   | Found Oluxez's Book Boutique.
 21707 | Bazaar   | Found Onecw's Book Boutique.
 21708 | Bazaar   | Found Koneitoa's Antique Armour Boutique.
 21829 | D:13     | Noticed Jorgrun
 21843 | D:13     | Killed Jorgrun
 22255 | D:13     | Found Piokyal's Jewellery Shoppe.
 22256 | D:13     | Found Vuisoeg's Antique Armour Shop.
 22256 | D:13     | Found Adghimull's Antique Weapon Boutique.
 22258 | D:13     | Found Tacuul's Armour Shop.
 22595 | D:14     | Reached skill level 1 in Invocations
 22595 | D:14     | Reached XP level 16. HP: 151/151 MP: 15/17
 22773 | D:14     | Reached skill level 5 in Invocations
 23222 | D:15     | Entered Level 15 of the Dungeon
 23323 | D:15     | Found a staircase to the Depths.
 23474 | D:15     | Noticed Louise
 23477 | D:15     | Killed Louise
 23529 | D:15     | Found Eplathil's Jewellery Shoppe.
 23637 | D:15     | Reached skill level 10 in Invocations
 23788 | D:15     | Identified the ring "Eratet" {Will+ Str+3}
 24143 | Orc:1    | Bought a +0 executioner's axe for 150 gold pieces
 24438 | Swamp:1  | Entered Level 1 of the Swamp
 25714 | Orc:2    | Bought a scroll of enchant armour for 75 gold pieces
 25743 | Orc:1    | Bought a scroll of enchant weapon for 127 gold pieces
 26287 | Swamp:2  | Noticed a fenstrider witch
 26293 | Swamp:2  | Killed a fenstrider witch
 26659 | Swamp:2  | Reached XP level 17. HP: 109/158 MP: 1/26
 27327 | Swamp:4  | Entered Level 4 of the Swamp
 27623 | Swamp:4  | Noticed a tentacled monstrosity
 27626 | Swamp:4  | Killed a tentacled monstrosity
 28375 | Swamp:4  | Got a decaying rune of Zot
 28530 | Spider:1 | Entered Level 1 of the Spider Nest
 28645 | Spider:1 | Reached XP level 18. HP: 160/168 MP: 29/29
 28884 | Spider:1 | Reached skill level 15 in Invocations
 28987 | Spider:1 | Identified the +9 bardiche "Goblinbane" {venom, rElec Str+3
                  | Dex+2}
 29896 | Spider:2 | Noticed Nikola
 29904 | Spider:2 | Killed Nikola
 30700 | Spider:2 | Noticed Kirke
 30704 | Spider:2 | Killed Kirke
 31930 | Spider:3 | Noticed Arachne
 31938 | Spider:3 | Killed Arachne
 32615 | Spider:4 | Entered Level 4 of the Spider Nest
 34303 | Spider:4 | Reached XP level 19. HP: 180/180 MP: 31/31
 34659 | Spider:4 | Got a gossamer rune of Zot
 35084 | Orc:2    | Bought the +5 ring mail "Ogrifyr" {rElec} for 430 gold
                  | pieces
 35128 | Elf:1    | Entered Level 1 of the Elven Halls
 35433 | Elf:1    | Paralysed by an air elemental for 1 turns
 35499 | Elf:1    | Found Hatammog's Book Emporium.
 35593 | Elf:1    | Noticed Asterion
 35595 | Elf:1    | Killed Asterion
 35666 | Elf:1    | Found Roaniamair's Book Boutique.
 35666 | Elf:1    | Found Meafu's Jewellery Shoppe.
 35667 | Elf:1    | Found Eqiell's Jewellery Shoppe.
 36032 | Elf:2    | Identified the ring "Hehepiam" {rF++ Int-5 Dex+6}
 36034 | Elf:2    | Found Dantishi's Antique Armour Shop.
 36479 | Elf:2    | Found a runed translucent gate.
 36480 | Elf:2    | Found a runed translucent gate.
 36480 | Elf:2    | Found a runed translucent gate.
 36571 | Elf:3    | Entered Level 3 of the Elven Halls
 36841 | Elf:3    | Paralysed by an air elemental for 1 turns
 37205 | D:13     | Bought a +1 cloak of willpower for 231 gold pieces
 37663 | Elf:3    | Reached XP level 20. HP: 193/193 MP: 33/33
 37701 | Elf:3    | Identified the +5 ring mail of Beogh's Reproof {rCorr
                  | Stlth+}
 37915 | Elf:3    | Identified the +1 plate armour of Koxye {*Corrode rC+
                  | Str+3}
 37966 | Elf:3    | Noticed a Brimstone Fiend
 38332 | Elf:3    | Identified the +1 war axe "Jybis" {venom, rF+ Dex+2}
 38342 | Elf:3    | Identified the +3 plate armour of the Big Bang {rC+ Will+
                  | rCorr SInv}
 38354 | Elf:3    | Identified the ring "Toaj Ceqa" {Str+2 Dex+4 Slay+3 SInv}
 38414 | Elf:3    | Identified the +3 plate armour of Bicucrec {Harm Will+++
                  | Int-2 Slay-5}
 38945 | Vaults:1 | Entered Level 1 of the Vaults
 40857 | Vaults:2 | Found a staircase to the Crypt.
 40857 | Vaults:2 | Found an ancient bone altar of Kikubaaqudgha.
 40857 | Vaults:2 | Found a basalt altar of Yredelemnul.
 41318 | Vaults:2 | Noticed Aizul
 41320 | Vaults:2 | Killed Aizul
 42276 | Vaults:3 | Reached XP level 21. HP: 193/201 MP: 35/35
 43030 | Vaults:3 | Found a runed translucent gate.
 43030 | Vaults:3 | Found a runed translucent gate.
 43030 | Vaults:3 | Found a runed translucent gate.
 43030 | Vaults:3 | Noticed Uquewn Suowu's ghost (veteran GnWr)
 43532 | Vaults:4 | Noticed Mara
 43534 | Vaults:4 | Noticed Zappman123's illusion
 43541 | Vaults:4 | Killed Mara
 43734 | Vaults:4 | Identified the +4 ring mail of Feront {rCorr Dex+3}
 44510 | Vaults:4 | Identified the +4 scale mail of Recklessness {Will+ Slay+4}
 44837 | Vaults:4 | Found Qyjec's General Store.
 45203 | Crypt:1  | Entered Level 1 of the Crypt
 45517 | Crypt:1  | Noticed Zenata
 45521 | Crypt:1  | Killed Zenata
 45788 | Crypt:1  | Noticed a royal mummy
 45793 | Crypt:1  | Identified the ring of Zasm {Ice rPois Will++ Int-2 Stlth+}
 45793 | Crypt:1  | Noticed Josephina
 45793 | Crypt:1  | Noticed Khufu
 45978 | Crypt:1  | Killed Khufu
 45986 | Crypt:1  | Killed a royal mummy
 45987 | Crypt:1  | Reached XP level 22. HP: 128/209 MP: 36/36
 46366 | Crypt:1  | Killed Josephina
 46673 | Crypt:2  | Reached skill level 5 in Dodging
 46676 | Crypt:2  | Reached skill level 15 in Armour
 47186 | Crypt:2  | Noticed a dread lich
 47187 | Crypt:2  | Noticed Xajier's ghost (adept GrFi)
 47194 | Crypt:2  | Found a transporter.
 47243 | Crypt:2  | Found a transporter.
 47500 | Crypt:3  | Entered Level 3 of the Crypt
 48229 | Crypt:3  | Found a staircase to the Tomb.
 48891 | Crypt:3  | Noticed a profane servitor
 48891 | Crypt:3  | Noticed a curse toe
 48959 | Crypt:3  | Killed a profane servitor
 48971 | Crypt:3  | Killed a curse toe
 48996 | Crypt:3  | Found an ancient bone altar of Kikubaaqudgha.
 49000 | Crypt:3  | Found a basalt altar of Yredelemnul.
 49011 | Crypt:3  | Identified the +6 plate armour of Duck's Teeth {rPois}
 49059 | Crypt:3  | Identified the +2 flail of Gehenna {freeze, rC+}
 49342 | Depths:1 | Entered Level 1 of the Depths
 49671 | Depths:1 | Found a gateway to Hell.
 50085 | Depths:1 | Reached XP level 23. HP: 191/215 MP: 37/37
 50086 | Depths:1 | Reached skill level 10 in Dodging
 50502 | Depths:1 | Identified the +8 hand axe "Muadeg" {elec, rN+}
 50582 | Depths:1 | Found Rufuot's Magic Scroll Emporium.
 50586 | Depths:1 | Found Plog's General Store.
 50588 | Depths:1 | Found Buutock's Book Emporium.
 50591 | Depths:1 | Bought a scroll of enchant weapon for 172 gold pieces
 50591 | Depths:1 | Bought a scroll of blinking for 172 gold pieces
 50591 | Depths:1 | Bought a scroll of blinking for 172 gold pieces
 51167 | Depths:2 | Found a transporter.
 51451 | Depths:2 | Found a basalt altar of Yredelemnul.
 51499 | Depths:2 | Found a one-way gate to the infinite horrors of the Abyss.
 51803 | Depths:2 | Noticed the Enchantress
 51862 | Depths:2 | Found a one-way gate leading to the halls of Pandemonium.
 51885 | Depths:2 | Found a runed translucent gate.
 51886 | Depths:2 | Found a runed translucent gate.
 51886 | Depths:2 | Found a runed translucent gate.
 51886 | Depths:2 | Noticed Fuil Foj's ghost (veteran SpHu)
 51953 | Depths:2 | Found a transporter.
 51959 | Depths:2 | Killed the Enchantress
 53012 | Depths:3 | Reached XP level 24. HP: 122/224 MP: 37/37
 53698 | Depths:3 | Found a stormy altar of Qazlal.
 54060 | Depths:4 | Entered Level 4 of the Depths
 54119 | Depths:4 | Reached skill level 15 in Dodging
 55142 | Depths:4 | Found a one-way gateway to a ziggurat.
 55144 | Depths:4 | Paralysed by a floating eye for 4 turns
 55153 | Depths:4 | Paralysed by a floating eye for 4 turns
 55455 | Depths:4 | Found a gate to the Realm of Zot.
 55868 | Vaults:5 | Entered Level 5 of the Vaults
 56688 | Vaults:5 | Reached XP level 25. HP: 240/240 MP: 37/37
 57467 | Vaults:5 | Got a silver rune of Zot
 57475 | Vaults:5 | Identified the +8 falchion "Dituet" {distort, rElec}
 57796 | Vaults:5 | Acquired the +1 pair of boots "Ukan" {rC+ Regen+ Str+7}
 57813 | Vaults:5 | Acquired an amulet of faith
 58170 | Zot:1    | Entered Level 1 of the Realm of Zot
 58436 | Zot:3    | Noticed a Killer Klown
 58439 | Zot:3    | Lost intelligence.
 58448 | Zot:3    | Killed a Killer Klown
 59635 | Zot:4    | Reached XP level 26. HP: 254/254 MP: 37/37
 59726 | Zot:4    | Noticed Parghit
 59732 | Zot:4    | Killed Parghit
 59742 | Zot:5    | Entered Level 5 of the Realm of Zot
 60318 | Zot:5    | Noticed a dread lich
 60319 | Zot:5    | Noticed an orb of fire
 60321 | Zot:5    | Noticed an orb of fire
 60322 | Zot:5    | Noticed an orb of fire
 60322 | Zot:5    | Noticed a Killer Klown
 60323 | Zot:5    | Noticed a Killer Klown
 60325 | Zot:5    | Noticed a Killer Klown
 60325 | Zot:5    | Gained mutation: You are dopey. (Int -2) [an orb of fire]
 60328 | Zot:5    | Killed an orb of fire
 60329 | Zot:5    | Noticed an ancient lich
 60331 | Zot:5    | Killed a dread lich
 60332 | Zot:5    | Killed an orb of fire
 60335 | Zot:5    | Noticed a Killer Klown
 60336 | Zot:5    | Killed an orb of fire
 60341 | Zot:5    | Killed a Killer Klown
 60344 | Zot:5    | Noticed an ancient lich
 60344 | Zot:5    | Killed an ancient lich
 60526 | Zot:4    | Killed a Killer Klown
 60570 | Zot:4    | Killed an ancient lich
 60649 | Zot:5    | Killed a Killer Klown
 60679 | Zot:5    | Noticed an ancient lich
 60681 | Zot:5    | Killed an ancient lich
 60686 | Zot:5    | Killed a Killer Klown
 61028 | Zot:5    | Reached XP level 27. HP: 261/261 MP: 37/37
 61418 | Zot:5    | Got the Orb of Zot
 61506 | Zot:4    | Noticed Ynuenuh the pandemonium lord
 61689 | Depths:1 | Noticed Heredeotiwk the pandemonium lord
 61848 | D:7      | Noticed Zuoribi the pandemonium lord
 62011 | D:$      | Escaped with the Orb!

Illustrated notes

Levels and vault maps discovered:
D:1:      enne_arrival_octagon_isle, layout_basic, hangedman_decor_opposing
D:2:      layout_loops_ring, shapermc_ecumenical_altar_gd,
          kennysheep_nondescript
D:3:      layout_basic, serial_shops, nicolae_shop_hallway_plus, minivault_23
D:4:      layout_basic, minmay_bent, uniq_robin, uniq_grinder
D:5:      layout_loops_ring, gup_ossuary_entry_pyramid, minmay_small_thing,
          uniq_crazy_yiuf_cottage, uniq_edmund
D:6:      layout_cave_pools, lightli_temple_of_fire,
          mainiacjoe_overflow_catwalk, minmay_temple_entry_poolview,
          dreamdust_gnoll_farm
D:7:      layout_loops_corners, amethyst_overflow_temple_binary,
          ebering_ghost_rock_garden
D:8:      layout_loops_ring
D:9:      layout_roguey, david_orc_4, nicolae_shop_self_help
D:10:     hangedman_cross_stitches, layout_basic, uniq_urug
D:11:     erik_rubicon_a, layout_loops_cross, minmay_lair_entry_lava
D:12:     layout_roguey, nicolae_trove_entry_isolated, st_stairs_7, uniq_maurice
D:13:     layout_irregular_city, david_vaults_3, serial_shops,
          bzr_entry_lakeside, serial_demonic, serial_demonic_g,
          serial_demonic_c, serial_demonic_c, serial_demonic_g,
          nicolae_wooded_promenade, uniq_jorgrun
D:14:     layout_basic
D:15:     gammafunk_depths_entry_grave, layout_small_grid,
          amcnicky_mini_pool_small, serial_shops, nicolae_shop_stone,
          uniq_louise
Temple:   eino_narrow_crystal_temple
Lair:1:   layout_small_grid, maelrawn_ghost_gauntlet_escape
Lair:2:   layout_hall_layers, minmay_swamp_entry_worms, spider_nest_entry_webs,
          amcnicky_mini_pool_medium, grunt_megastairs_5
Lair:3:   layout_chaotic_city, basic_altar, lemuel_old_faithful,
          serial_bayou_shore_b, grunt_megastairs_2, serial_bayou_shore_b
Lair:4:   cheibrodos_lair_overgrown_chateau, layout_cave_pods,
          gauntlet_entry_generic
Lair:5:   hangedman_lair_tendril_chambers, layout_cave_pods,
          nicolae_slime_entry_field_trip, hellmonk_guarded_unrand_zhor,
          uniq_snorg, uniq_rupert
Swamp:1:  layout_basic_swamp, hangedman_swamp_ruin_hall,
          infiniplex_staircase_pool
Swamp:2:  layout_falls_marsh, nicolae_swamp_little_swirl, swamp_pool2
Swamp:3:  layout_basic_swamp, evilmike_swamp_ruin_house_1, swamp_pool2
Swamp:4:  nzn_swamp_witches_coven, layout_basic_swamp
Spider:1: layout_chambers, hangedman_spider_trapstep
Spider:2: layout_chambers, hellmonk_deceptive_appearances,
          hangedman_spider_tarantella_strand, uniq_nikola, uniq_kirke
Spider:3: layout_chambers, uniq_arachne
Spider:4: spider_rune_water, drop_trap
Orc:1:    layout_caves, lightli_volcano_entry_magma_tube, serial_shops, shop,
          nicolae_shop_waterfront, shop, shop, minmay_shop_mayhem,
          trog_butcher_becter, uniq_harold
Orc:2:    st_orc_rangers, layout_caves, kennysheep_orc_chapel, uniq_donald
Elf:1:    minmay_elf_arrival_plus, layout_geoelf_octagon, serial_shops, shop,
          minmay_elf_crystal_heptagon, nicolae_elf_glass_and_crystal_pillar_2,
          st_stairs_10, minmay_shop_grove, uniq_asterion
Elf:2:    nicolae_elf_blades_crystal_corner, layout_gridlike, serial_shops,
          nicolae_shop_hallway_stairs
Elf:3:    grunt_elf_hall_diamonds, layout_geoelf_castle, onia_ninara_cookie
Vaults:1: st_cross, v_misc_3, v_misc_27, grunt_vaults_diagonal, v_misc_5,
          v_misc_27, vaults_room_stairs_pillars, ontoclasm_vaults_ring_large,
          v_rooms_5, grunt_vaults_hallway_long, layout_vaults_omnicross
Vaults:2: vaults_room_hangedman_quadrants, v_misc_24, v_misc_2,
          nicolae_vaults_rhombus_6, v_pattern_2, grunt_vaults_funnel,
          vaults_dpeg_encased_lava, minmay_crypt_entry_necro_gods,
          v_alt_pattern_3, ontoclasm_vaults_gateway, layout_vaults_omnibox,
          uniq_aizul
Vaults:3: gammafunk_ghost_split, v_misc_1, v_misc_26, v_misc_13,
          vaults_room_grid, hangedman_vaults_variations, layout_vaults_quadrants
Vaults:4: nicolae_vaults_little_ls, v_misc_15, nicolae_vaults_network_s,
          v_pattern_4, grunt_vaults_twisty, v_misc_4, vaults_room_fours,
          hangedman_vaults_stretched_pinwheel, nicolae_vaults_statue_guard,
          layout_vaults_chaotic_city, serial_shops, shop_coins, uniq_mara
Vaults:5: serial_shops
Crypt:1:  layout_basic, uniq_josephina, uniq_zenata, uniq_khufu
Crypt:2:  layout_basic, nzn_ghost_randoct, st_stairs_10, minivault_5,
          item_on_display_a
Crypt:3:  lightli_unholy_cathedral, layout_chaotic_city,
          tomb_entry_forgotten_bobbens
Depths:1: layout_cave_shapes, nicolae_kite_square_tiling_tiny, hell_entry,
          minmay_hollow_rounded_squares, minmay_shop_star
Depths:2: gammafunk_its_a_trap, layout_cave_pools, pan_entry, pf_coc_iceberg,
          gammafunk_ghost_tricky_traps, abyss_entry, nicolae_titane,
          lemuel_zombie_altar_yredelemnul, uniq_enchantress
Depths:3: regret_index_qazlal_generations, layout_basic, hell_entry,
          skrybe_limestone_x, hangedman_abyss_entry_splay
Depths:4: grunt_zot_entry_hairpin, layout_basic, enter_ziggurat_c, hell_entry
Zot:1:    kennysheep_oblong_rooms, layout_gridlike, basic_altar,
          nicolae_shop_clearance
Zot:2:    layout_concentric_octagons
Zot:3:    nicolae_moth_party, layout_misc_corridors,
          chequers_guarded_unrand_mask_of_the_dragon, uniq_vv
Zot:4:    lemuel_firehouse, layout_concentric_octagons, uniq_parghit
Zot:5:    layout_gridlike, grunt_ministairs_14, st_stairs_6

Skill      XL: |  1  2  3  4  5  6  7  8  9 10 11 12 13 14 15 16 17 18 19 20 21 22 23 24 25 26 |
---------------+-------------------------------------------------------------------------------+-----
Throwing       | 2 |  2.0
Axes           | 5 6 7 8 10 15 16 17 20 21 24 | 24.0
Armour         | 1 2 3 5 6 8 12 14 16 18 20 | 20.0
Fighting       | 3 4 6 9 10 13 14 16 18 19 20 22 24 | 24.0
Ranged Weapons | 7 10 11 13 16 18 19 20 21 22 | 22.0
Invocations    | 1 12 14 17 19 20 | 20.0
Dodging        | 3 9 14 16 17 19 | 19.9

Action                     |  1- 3 |  4- 6 |  7- 9 | 10-12 | 13-15 | 16-18 | 19-21 | 22-24 | 25-27 || total
---------------------------+-------+-------+-------+-------+-------+-------+-------+-------+-------++-------
  Melee: War axe           |    76 |    70 |   299 |   257 |    85 |       |       |       |       ||   787
         Punch             |       |     1 |     1 |     6 |       |       |       |       |       ||     8
         Executioner's axe |       |       |       |       |       |     8 |   110 |   403 |   216 ||   737
   Fire: Heavy crossbow    |       |     5 |    27 |   123 |   429 |   555 |   485 |   373 |   230 ||  2227
  Throw: Throwing net      |     2 |     3 |     1 |       |       |       |       |       |       ||     6
         Dart              |       |       |       |     2 |     1 |       |       |       |     1 ||     4
 Invoke: Upheaval          |       |       |       |       |       |     7 |     1 |     1 |     3 ||    12
         Disaster Area     |       |       |       |       |       |     5 |    11 |     5 |     7 ||    28
  Evoke: Wand              |       |       |       |     2 |     2 |       |       |     2 |     3 ||     9
    Use: Scroll            |       |     1 |    10 |    13 |     9 |    12 |     4 |     5 |    11 ||    65
         Potion            |       |       |     4 |     1 |     1 |     1 |     7 |     1 |     9 ||    24
   Stab: Petrified         |       |       |       |       |     2 |       |       |       |       ||     2
         Petrifying        |       |       |       |       |     1 |       |       |       |       ||     1
 Armour: Leather armour    |     1 |       |       |       |       |       |       |       |       ||     1
         Scale mail        |    29 |     1 |       |       |       |       |       |       |       ||    30
         Chain mail        |       |    34 |   125 |   106 |       |       |       |       |       ||   265
         Skin              |       |       |     3 |       |       |       |       |       |       ||     3
         Crystal plate arm |       |       |       |    27 |   498 |   500 |    11 |       |       ||  1036
         Ring mail         |       |       |       |       |       |       |    42 |       |       ||    42
         Plate armour      |       |       |       |       |       |       |   261 |   355 |   184 ||   800
  Dodge: Dodged            |    25 |    24 |   139 |   205 |   523 |   528 |   405 |   505 |   344 ||  2698
         Repelled          |       |       |       |       |    11 |    13 |    12 |    16 |    10 ||    62
  Block: Other             |    10 |    10 |    83 |   157 |   223 |   261 |   146 |   222 |   120 ||  1232
         Reflection        |     1 |       |     4 |     5 |     2 |       |       |       |       ||    12

Table legend: (Time is in decaauts)
 A = Elapsed time spent in this place.
 B = Non-inter-level travel time spent in this place.
 C = Inter-level travel time spent in this place.
 D = Time resting spent in this place.
 E = Time spent auto-exploring this place.
 F = Levels seen in this place.
 G = Mean time per level.
                   A        B        C        D        E       F      G
               +--------+--------+--------+--------+--------+-----+--------+
         Total |  66254 |  56902 |   9352 |   8111 |  35717 |  56 | 1183.1 |
       Dungeon |  18251 |  14319 |   3932 |   1828 |   9223 |  15 | 1216.7 |
        Temple |    223 |    196 |     27 |      0 |    184 |   1 |  223.0 |
          Lair |   7062 |   6285 |    777 |    381 |   4722 |   5 | 1412.4 |
         Swamp |   3868 |   3559 |    309 |    547 |   2000 |   4 |  967.0 |
   Spider Nest |   6875 |   6447 |    428 |    943 |   4282 |   4 | 1718.8 |
  Orcish Mines |   2007 |   1620 |    387 |    487 |    668 |   2 | 1003.5 |
   Elven Halls |   3389 |   3076 |    313 |    396 |   1924 |   3 | 1129.7 |
        Vaults |   9216 |   8108 |   1108 |   1186 |   5365 |   5 | 1843.2 |
         Crypt |   3787 |   3434 |    353 |    843 |   1871 |   3 | 1262.3 |
        Depths |   6992 |   5589 |   1403 |    419 |   3977 |   4 | 1748.0 |
           Zot |   3238 |   2927 |    311 |    945 |    875 |   5 |  647.6 |
        Bazaar |     32 |     32 |      0 |      0 |     27 |   1 |   32.0 |
         Trove |    102 |    102 |      0 |      0 |      3 |   1 |  102.0 |
       Ossuary |    446 |    446 |      0 |     44 |    257 |   1 |  446.0 |
       Volcano |    270 |    270 |      0 |     10 |    124 |   1 |  270.0 |
      Gauntlet |    490 |    490 |      0 |     82 |    212 |   1 |  490.0 |
               +--------+--------+--------+--------+--------+-----+--------+

Top non-repeatable levels by time:
Vaults:2: 2247 daAuts
Vaults:4: 2197 daAuts
Depths:3: 2193 daAuts
    D:11: 2063 daAuts
Depths:1: 1905 daAuts
Spider:3: 1841 daAuts
  Lair:4: 1806 daAuts
Spider:4: 1804 daAuts
Spider:1: 1711 daAuts
     D:9: 1683 daAuts
Depths:4: 1680 daAuts
Vaults:5: 1632 daAuts
     D:5: 1632 daAuts
   Elf:3: 1624 daAuts
   Zot:5: 1617 daAuts
